 Dungeon Crawl Stone Soup version 0.28.0-53-g5a82cb258f (webtiles) character file.

Game seed: 1587662389211229193

68 H0rd4k the Charlatan (level 4, 0/32 HPs)
             Began as a Human Artificer on June 1, 2022.
             Slain by a hobgoblin
             ... wielding a +0 mace
              (5 damage)
             ... on level 3 of the Dungeon.
             The game lasted 00:02:26 (3094 turns).

H0rd4k the Charlatan (Human Artificer)              Turns: 3094, Time: 00:02:27

Health: 0/32       AC:  4    Str: 12    XL:     4   Next: 41%
Magic:  4/4        EV: 11    Int: 20    God:
Gold:   43         SH:  0    Dex: 13    Spells: 3/3 levels left

rFire   . . .      SeeInvis .   a - +0 club
rCold   . . .      Faith    .   (no shield)
rNeg    . . .      Spirit   .   b - +0 leather armour
rPois   .          Reflect  .   (no helmet)
rElec   .          Harm     .   (no cloak)
rCorr   .          Rampage  .   q - +0 pair of gloves
Will    .....                   (no boots)
Stlth   +.........              (no amulet)
HPRegen 0.10/turn               i - +6 ring of intelligence
MPRegen 0.09/turn               k - ring of flight

@: flying
A: no striking features
a: no special abilities


You were on level 3 of the Dungeon.
You visited 1 branch of the dungeon, and saw 3 of its levels.

You collected 43 gold pieces.

Inventory:

Hand Weapons
 a - a +0 club (weapon)
Missiles
 p - 4 poisoned darts
Armour
 b - a +0 leather armour (worn)
 q - a +0 pair of gloves (worn)
Jewellery
 i - a +6 ring of intelligence (left hand)
 k - a ring of flight (right hand)
Wands
 c - a wand of flame (8) (quivered)
 d - a wand of charming (12)
Scrolls
 f - 3 scrolls of teleportation {unknown}
 h - a scroll of identify {unknown}
 m - a scroll of immolation {unknown}
 o - a scroll of blinking {unknown}
Potions
 g - a potion of might {unknown}
 j - a potion of haste {unknown}
 l - 2 potions of curing {unknown}
 n - a potion of heal wounds {unknown}
Miscellaneous
 e - a piece from Xom's chessboard (15/15)


   Skills:
 + Level 1.4 Fighting
 + Level 1.5 Maces & Flails
 - Level 2.0 Armour
 + Level 1.8 Dodging
 - Level 1.0 Stealth
 + Level 4.0 Evocations


You had 3 spell levels left.
You didn't know any spells.
Your spell library was empty.

Dungeon Overview and Level Annotations

Branches:
Dungeon (3/15)

Altars:
Hepliaklqana

Shops:
D:2 *

Annotations:
D:1 Terence
D:2 Jessica


Message History

The bat hits you but does no damage. The bat hits you but does no damage.
The bat closely misses you. The bat hits you but does no damage.
You see here a +0 leather armour.
The bat misses you.
There is a stone staircase leading down here.
The bat barely misses you.
You hit the bat but do no damage. The bat hits you but does no damage. x2
You barely miss the bat. The bat barely misses you. The bat hits you.
You barely miss the bat. The bat barely misses you. The bat hits you.
You miss the bat. Your punch misses the bat.
The bat hits you but does no damage. The bat completely misses you.
The bat hits you but does no damage. x2
You hit the bat.
The bat is heavily wounded.
The bat barely misses you. The bat closely misses you.
You closely miss the bat.
The bat is heavily wounded.
The bat closely misses you. The bat barely misses you.
Jessica mumbles some strange words.
Jessica seems to speed up.
You hit the bat.
You kill the bat!
The hobgoblin hits you with a +0 mace. The hobgoblin hits you with a +0 mace.
You fly downwards.
The orc shouts!
There is a stone staircase leading up here.
You closely miss the hobgoblin. The hobgoblin hits you with a +0 mace.
* * * LOW HITPOINT WARNING * * *
You hit the hobgoblin.
The hobgoblin is moderately wounded.
The hobgoblin hits you with a +0 mace.
* * * LOW HITPOINT WARNING * * *
Aiming: Charm
Press: ? - help, Shift-Dir - straight line, f - hobgoblin
Aim: a hobgoblin, wielding a +0 mace (moderately wounded, chance to affect: 75%)
The hobgoblin struggles to resist.
The hobgoblin hits you with a +0 mace.
You die...

#
#.#######.#
#.g@......#
###..o....#
........#
#####.....
....# ....
... ...


You could see an orc and a hobgoblin.

Vanquished Creatures
  3 adders (D:2)
  A worm (D:2)
  3 dart slugs (D:1)
  A ball python (D:1)
  5 bats
  2 endoplasms
  A giant cockroach (D:1)
  4 hobgoblins
  A jackal (D:1)
  4 kobolds
  A quokka (D:2)
  3 frilled lizards (D:1)
  3 rats
32 creatures vanquished.

Vanquished Creatures (collateral kills)
  A ball python (D:1)
1 creature vanquished.

Grand Total: 33 creatures vanquished

Notes
Turn   | Place    | Note
-------+----------+-------------------------------------------
     0 | D:1      | H0rd4k the Human Artificer began the quest for the Orb.
     0 | D:1      | Reached XP level 1. HP: 15/15 MP: 1/1
   398 | D:1      | Reached XP level 2. HP: 18/21 MP: 2/2
  1268 | D:1      | Reached XP level 3. HP: 22/26 MP: 3/3
  1792 | D:2      | Noticed Terence
  2383 | D:2      | Reached skill level 1 in Maces & Flails
  2383 | D:2      | Reached skill level 4 in Evocations
  2427 | D:2      | Reached XP level 4. HP: 32/32 MP: 4/4
  2430 | D:2      | Found a hazy altar of Hepliaklqana.
  2636 | D:2      | Found Loprowid's Assorted Antiques.
  3060 | D:2      | Noticed Jessica
  3094 | D:3      | Slain by a hobgoblin

Illustrated notes

Levels and vault maps discovered:
D:1:      dpeg_arrival_brainrot, layout_basic
D:2:      layout_basic, serial_shops, shop, minmay_hexomino_r4, uniq_terence,
          uniq_jessica
D:3:      layout_basic, lemuel_tele_altar, serial_co_window_serial,
          co_window_corner_a, co_window_of_opportunity_a, co_window_paths_a,
          co_window_corner_a, co_window_of_opportunity_a, co_window_corner_a,
          co_window_corner_cb, co_window_corner_cb, co_window_2corner,
          co_window_unsneaky_path_c, co_window_2corner,
          co_window_of_opportunity_b, co_window_unsneaky_path_b,
          co_window_paths_d, dreamdust_ecumenical_altar_statues, uniq_natasha

Skill      XL: |  1  2  3 |
---------------+----------+-----
Maces & Flails | 1 |  1.5
Evocations     | 4 |  4.0
Fighting       | |  1.4
Armour         | |  2.0
Dodging        | |  1.8
Stealth        | |  1.0

Action                   |  1- 3 |  4- 6 || total
-------------------------+-------+-------++-------
Melee: Club              |   108 |    48 ||   156
       Punch             |       |     2 ||     2
Evoke: Wand              |     8 |     2 ||    10
 Stab: Sleeping          |     2 |     1 ||     3
Armor: Leather armour    |    25 |    29 ||    54
Dodge: Dodged            |    83 |    41 ||   124
